Map: Acid Plant LE

Players

Neeb - Winner!

  • Race: Protoss Protoss
  • Spawn Location: 11:00

Okaneby

  • Race: Terran Terran
  • Spawn Location: 5:00

Event: WCS Valencia 2018

VOD

Have the link to the VOD?

Description

Time

  • Played on: July 12, 2018, 6:18 a.m.
  • Length: 9:17

All games in this series

Show
View Real Time Build Order
Export as new Build Order

Neeb Protoss - Winner!

Build Orders: Oracle Opening 

Get SALT Encoding   

  12  0:00  Probe  
  13  0:12  Probe  
  14  0:17  Pylon  
  14  0:24  Probe  
  15  0:32  Probe  
  15  0:37  Gateway  
  15  0:40  Probe  
  16  0:48  Assimilator  
  17  0:53  Probe  
  18  1:05  Probe  
  18  1:07  Pylon  
  19  1:17  Probe  
  20  1:24  Cybernetics Core  
  22  1:29  Probe  
  23  1:41  Probe  
  23  1:45  Nexus  
  22  1:53  Probe  
  22  1:55  Adept  
  22  1:56  Assimilator  
  22  2:05  Probe  
  25  2:18  Probe  
  26  2:23  Stargate  
  26  2:27  Adept, Probe  
  28  2:35  Probe  
  29  2:38  Warp Gate  
  30  2:44  Pylon, Probe  
  31  2:54  Probe  
  31  2:57  Oracle, Probe  
  33  3:02  Probe  
  33  3:09  Probe  
  33  3:12  Probe  
  39  3:21  Probe  
  39  3:22  Adept  
  39  3:24  Probe  
  43  3:33  Probe  
  44  3:36  Probe  
  44  3:37  Oracle  
  48  3:41  Pylon  
  48  3:45  Probe  
  49  3:48  Probe  
  50  3:55  Gateway  
  50  3:57  Gateway, Probe, Pylon  
  50  4:01  Probe  
  52  4:05  Oracle  
  53  4:10  Probe  
  53  4:13  Probe  
  57  4:18  Shield Battery  
  57  4:22  Probe  
  58  4:25  Probe  
  58  4:28  Nexus  
  59  4:34  Probe  
  59  4:35  Pylon  
  60  4:39  Probe  
  60  4:46  Probe  
  60  4:51  Probe  
  61  4:55  Pylon  
  61  4:58  Assimilator, Probe  
  61  4:59  Stalker x2  
  66  5:00  Stalker  
  66  5:02  Assimilator  
  66  5:03  Probe  
  69  5:10  Probe  
  70  5:14  Twilight Council  
  70  5:16  Probe  
  70  5:18  Forge  
  70  5:20  Shield Battery  
  71  5:22  Probe  
  71  5:23  Stalker  
  71  5:27  Sentry, Stalker  
  78  5:29  Probe  
  78  5:34  Protoss Ground Weapons Level 1, Probe  
  80  5:39  Shield Battery  
  80  5:41  Probe x2  
  82  5:43  Blink, Phoenix  
  82  5:46  Probe  
  85  5:53  Probe  
  85  5:56  Gateway  
  86  5:58  Probe  
  86  5:59  Gateway  
  86  6:03  Probe  
  88  6:05  Probe  
  88  6:08  Stalker  
  88  6:11  Stalker, Probe  
  93  6:15  Probe  
  93  6:17  Probe  
  96  6:18  Stalker  
  96  6:24  Probe  
  99  6:27  Probe  
  99  6:29  Probe  
  101  6:37  Assimilator  
  101  6:38  Pylon x2  
  101  6:39  Assimilator  
  101  6:44  Gateway  
  101  6:47  Gateway  
  101  6:56  Gateway, Probe x3  
  101  6:58  Robotics Facility  
  104  7:06  Stalker  
  104  7:07  Stalker x4  
  114  7:08  Probe x2  
  116  7:19  Forge  
  116  7:22  Nexus, Pylon  
  116  7:26  Pylon  
  116  7:27  Pylon  
  116  7:32  Pylon  
  116  7:33  Pylon  
  116  7:34  Pylon  
  116  7:35  Pylon, Charge  
  116  7:40  Pylon  
  116  7:42  Pylon  
  116  7:48  Stalker x3  
  116  7:50  Observer  
  122  7:53  Robotics Bay  
  122  8:02  Stalker x2  
  124  8:08  Robotics Facility  
  124  8:12  Observer  
  125  8:13  Probe x3  
  125  8:17  Stalker x3  
  134  8:42  Stalker x6  
  134  8:43  Stalker x2  
  107  9:11  Pylon  
  107  9:14  Stalker  
  107  9:15  Stalker x7  
Show
View Real Time Build Order
Export as new Build Order

Okaneby Terran 

Build Orders: Reaper Expand, MMM Bio 

Get SALT Encoding   

  12  0:00  SCV  
  13  0:12  SCV  
  14  0:17  Supply Depot  
  14  0:25  SCV  
  15  0:38  SCV  
  15  0:39  Barracks  
  16  0:44  Refinery  
  16  0:50  SCV  
  17  1:03  SCV  
  18  1:15  SCV  
  19  1:28  Orbital Command  
  19  1:40  Reaper  
  19  1:45  Command Center  
  20  1:54  SCV  
  21  2:06  Supply Depot, SCV  
  22  2:09  Refinery  
  22  2:15  Factory  
  22  2:18  SCV  
  22  2:22  Barracks Reactor  
  23  2:30  SCV  
  24  2:47  SCV  
  25  3:03  Orbital Command  
  25  3:06  Cyclone x2  
  25  3:08  Marine  
  25  3:09  SCV  
  25  3:11  Supply Depot  
  33  3:21  SCV  
  34  3:31  SCV  
  34  3:33  SCV  
  36  3:36  Barracks Tech Lab  
  36  3:41  Hellion x2  
  40  3:44  SCV  
  40  3:45  SCV  
  42  3:49  Starport  
  42  3:56  SCV  
  42  3:58  Bunker, Supply Depot  
  42  4:02  Hellion  
  44  4:03  SCV  
  44  4:08  SCV  
  46  4:15  Engineering Bay  
  46  4:21  SCV x2  
  48  4:25  Cyclone x2  
  48  4:27  Barracks Tech Lab  
  54  4:33  SCV  
  55  4:39  SCV  
  52  4:52  Marine  
  52  4:53  Cloaking Field, Stimpack  
  52  4:57  SCV x2  
  55  5:02  Barracks x2  
  53  5:08  Refinery  
  53  5:09  SCV x2  
  53  5:11  Banshee  
  53  5:13  Marine  
  59  5:18  Refinery  
  59  5:19  Supply Depot x2  
  59  5:21  SCV x2  
  61  5:25  Terran Infantry Weapons Level 1  
  61  5:26  Engineering Bay  
  61  5:30  Missile Turret  
  61  5:33  SCV, Missile Turret  
  62  5:40  SCV  
  63  5:44  Barracks  
  63  5:45  SCV  
  63  5:46  Barracks  
  63  5:48  Factory Reactor  
  65  5:50  Barracks Reactor x2  
  65  5:52  SCV  
  65  5:57  SCV  
  66  6:04  SCV  
  66  6:06  Marine  
  66  6:09  SCV, Banshee  
  72  6:13  Supply Depot  
  72  6:16  Supply Depot, SCV  
  73  6:20  Supply Depot  
  73  6:22  Armory  
  77  6:25  Widow Mine x2  
  77  6:32  Marine x4  
  78  6:34  Barracks Tech Lab, Marine x3  
  78  6:50  Marine x4  
  78  6:52  Marine  
  79  7:00  Marine  
  82  7:01  Marauder x2  
  82  7:11  Marine x5  
  87  7:18  Combat Shields, Marine  
  87  7:20  Siege Tank  
  87  7:22  Medivac x2, Marine  
  95  7:23  Marauder  
  95  7:28  Marine x2  
  95  7:29  Command Center  
  100  7:34  Supply Depot, Marine  
  101  7:40  Marine x2  
  98  7:48  Marine  
  98  7:49  Marine x2  
  101  7:55  Marauder x2  
  105  8:01  Marine x3  
  107  8:07  Medivac  
  107  8:11  Medivac  
  109  8:13  SCV  
  110  8:24  SCV, Marine x2  
  110  8:25  Missile Turret, Marine x3, Marauder x2  
  114  8:35  Marine  
  107  8:42  Marine x2  
  107  8:43  Marine x2  
  110  8:51  Marine  
  110  8:52  Marine x2  
Tags
 
Add a new tag
Caveats
  • Supply blocks, unpowered buildings, or Contaminate may cause inaccurate times.
  • Supply counts are checked every 10 seconds.